 Dungeon Crawl Stone Soup version 0.25.1-1-g288607f5aa (webtiles) character file.

Game seed: 18281004080508304151

2494 Kold the Transmogrifier (level 9, -14/53 HPs)
             Began as an Octopode Transmuter on July 25, 2020.
             Was an Elder of Cheibriados.
             Demolished by Prince Ribbit (19 damage)
             ... on level 6 of the Dungeon.
             The game lasted 00:14:25 (9862 turns).

Kold the Transmogrifier (Octopode Transmuter)       Turns: 9862, Time: 00:14:26

Health: -14/53     AC:  1    Str: 19    XL:     9   Next: 52%
Magic:  12/13      EV: 14    Int: 28    God:    Cheibriados [****..]
Gold:   291        SH:  5    Dex: 23    Spells: 2/12 levels left

rFire    . . .     SeeInvis .     - Unarmed
rCold    . . .     Gourm    .   (no shield)
rNeg     . . .     Faith    .   (helmet restricted)
rPois    .         Spirit   .   l - amulet of reflection
rElec    .         Reflect  +   (no ring)
rCorr    .         Harm     .   (no ring)
MR       .....                  (no ring)
Stlth    +++.......             (no ring)
HPRegen  0.17/turn              (no ring)
MPRegen  0.13/turn              (no ring)
                                (no ring)
                                (no ring)

@: appendage, very slow
A: almost no armour, stealthy swim, amphibious, 8 rings, constrict 8, tentacle
spike 3, camouflage 1, high mp 1, wild magic 1, gelatinous body 1
a: End Transformation, Bend Time, Temporal Distortion, Slouch, Renounce Religion


You were on level 6 of the Dungeon.
You worshipped Cheibriados.
Cheibriados was greatly pleased with you.
You were not hungry.
One of your tentacles had a temporary spike.
You visited 1 branch of the dungeon, and saw 6 of its levels.
You also visited: Sewer.

You collected 291 gold pieces.

Inventory:

Missiles
 a - 127 arrows
Armour
 o - a +0 buckler
Jewellery
 e - an uncursed amulet of the acrobat
 g - an uncursed amulet of guardian spirit
 l - an amulet of reflection (around mantle)
 s - a cursed amulet of inaccuracy {unknown}
Wands
 j - a wand of polymorph (6)
Scrolls
 d - 3 scrolls of identify
 f - a scroll of remove curse
 h - a scroll of teleportation
 k - a scroll of enchant weapon
 n - 2 scrolls of amnesia
Potions
 b - 2 potions of might {unknown}
 i - 5 potions of heal wounds
 m - 3 potions of flight
 p - 2 potions of curing
 q - 2 potions of stabbing
Comestibles
 c - 8 rations
 r - a chunk of flesh


   Skills:
 - Level 1.0 Fighting
 - Level 2.0 Dodging
 - Level 2.0 Stealth
 + Level 7.9 Unarmed Combat
 - Level 2.0 Spellcasting
 + Level 9.6 Transmutations
 + Level 2.0 Ice Magic
 - Level 3.0 Poison Magic


You had 2 spell levels left.
You knew the following spells:

 Your Spells              Type           Power        Failure   Level  Hunger
a - Beastly Appendage     Tmut           ######       1%          1    None
b - Sticks to Snakes      Tmut           ######..     1%          2    ##.....
c - Spider Form           Tmut/Pois      #####.....   3%          3    ###....
d - Ice Form              Ice/Tmut       #####...     13%         4    ####...

Your spell library contained the following spells:

 Spells                   Type           Power        Failure   Level  Hunger
 Blade Hands              Tmut           ######....   8%          5    ######.


Dungeon Overview and Level Annotations

Branches:
Dungeon (6/15)             Temple (0/1) D:6           Sewer (visited)

Altars:
Ashenzari
Cheibriados
Fedhas
Hepliaklqana
Okawaru
Qazlal
Ru
Uskayaw
Zin

Annotations:
D:6 Prince Ribbit


Innate Abilities, Weirdness & Mutations

You cannot wear most types of armour.
You are very stealthy in the water. (Stealth+)
You are amphibious.
You can wear up to eight rings at the same time.
You can use your tentacles to constrict eight enemies at once.
Your skin changes colour to match your surroundings (Stealth+).
Your rubbery body absorbs attacks. (AC +1, EV +1)
One of your tentacles bears a large vicious spike.
You have an increased reservoir of magic. (+10% MP)
Your spells are a little harder to cast, but a little more powerful.


Message History

Prince Ribbit comes into view.
Prince Ribbit croaks.
Prince Ribbit hits you! Prince Ribbit hits you.
Prince Ribbit is nearby!
Casting: Beastly Appendage (safe; 1% risk of failure)
Confirm with . or Enter, or press ? or * to list all spells.
One of your tentacles grows a vicious spike.
Prince Ribbit hits you!
You miss Prince Ribbit. Your grab misses Prince Ribbit.
Prince Ribbit closely misses you.
You bludgeon Prince Ribbit! You grab Prince Ribbit.
You pierce Prince Ribbit.
Prince Ribbit is moderately wounded.
You constrict Prince Ribbit. Prince Ribbit hits you.
You tentacle-slap Prince Ribbit. x2
Prince Ribbit is heavily wounded.
You constrict Prince Ribbit. Prince Ribbit hits you!
* * * LOW HITPOINT WARNING * * *
Prince Ribbit says, "You're just another fly to me."
Prince Ribbit hits you!!
You die...

#.# #.# ##.##
#########...######
#......)..#......#
#..######...####.. #..#
##.## #.# #..# #.# #.#
***********#@.#
####.#####..
*,,,,......F..#
#..........#
***,***#######.##
#.##........
*,,,,,,,,,,* #.#
#.##.#####..
*,,,,,,,,,,* #.# #.##.#
### *,*,*****,,*
#.#####.##.#######
*,*,* *,,*
#.......##.##.....
*,*,*
*,,*##.8.8.8....##.####
*,*,*
*,,##...⌠.⌠..#####.#


You could see Prince Ribbit.

Vanquished Creatures
  Maggie (D:6)
  Duvessa (D:6)
  2 sky beasts (D:5)
  An ice beast (D:6)
  A phantom (D:5)
  An ogre (D:4)
  2 centaurs (D:5)
  Blork the orc (D:4)
  3 big kobolds (Sewer)
  3 bullfrogs
  A water moccasin skeleton (D:5)
  Dowan (D:6)
  A scorpion (D:6)
  A howler monkey (D:4)
  3 crimson imps
  A centaur zombie (D:5)
  2 hounds (D:6)
  An orc priest (D:5)
  Terence (D:2)
  Natasha (thrice) (D:4)
  5 iguanas
  4 orc wizards
  3 worker ants (D:4)
  2 hound skeletons (D:4)
  6 adders
  3 gnolls
  4 oozes
  2 adder skeletons (D:4)
  A worm (D:3)
  A dart slug (D:2)
  4 leopard geckos
  10 orcs
  7 bats
  14 giant cockroaches
  7 goblins
  8 hobgoblins
  7 jackals
  19 kobolds
  2 quokkas (D:2)
  3 ball pythons
  A ball python skeleton (D:4)
  5 frilled lizards
  2 leopard gecko skeletons (D:4)
  A quokka zombie (D:5)
  10 rats
162 creatures vanquished.

Vanquished Creatures (collateral kills)
  A worm (D:2)
1 creature vanquished.

Grand Total: 163 creatures vanquished

Notes
Turn   | Place    | Note
-------+----------+-------------------------------------------
     0 | D:1      | Kold the Octopode Transmuter began the quest for the Orb.
     0 | D:1      | Reached XP level 1. HP: 13/13 MP: 3/3
   132 | D:1      | Reached skill level 1 in Stealth
   132 | D:1      | Reached XP level 2. HP: 10/18 MP: 3/5
   695 | D:1      | Reached XP level 3. HP: 23/23 MP: 4/6
  1228 | D:1      | Learned a level 2 spell: Sticks to Snakes
  1232 | D:1      | Learned a level 3 spell: Spider Form
  1438 | D:2      | Found a snail-covered altar of Cheibriados.
  1447 | D:2      | Became a worshipper of Cheibriados the Contemplative
  1572 | D:2      | Reached skill level 3 in Transmutations
  1706 | D:2      | Noticed Terence
  1718 | D:2      | Killed Terence
  1718 | D:2      | Reached skill level 1 in Poison Magic
  1718 | D:2      | Reached XP level 4. HP: 23/28 MP: 2/7
  1722 | D:2      | Gained mutation: You expend magic power (3 MP) to
                  | strengthen your wands. [potion of mutation]
  1722 | D:2      | Gained mutation: Your flesh is heat resistant. (rF+)
                  | [potion of mutation]
  1723 | D:2      | Lost mutation: You expend magic power (3 MP) to strengthen
                  | your wands. [potion of mutation]
  1723 | D:2      | Lost mutation: Your flesh is heat resistant. (rF+) [potion
                  | of mutation]
  1723 | D:2      | Gained mutation: You have an increased reservoir of magic.
                  | (+10% MP) [potion of mutation]
  1723 | D:2      | Gained mutation: Your spells are a little harder to cast,
                  | but a little more powerful. [potion of mutation]
  1798 | D:2      | Found a stormy altar of Qazlal.
  2162 | D:3      | Found a hide-covered altar of Uskayaw.
  2461 | D:2      | Reached XP level 5. HP: 15/33 MP: 4/8
  3207 | D:3      | Reached * piety under Cheibriados
  3840 | D:3      | Found a glowing silver altar of Zin.
  4348 | D:4      | Noticed Natasha
  4359 | D:4      | Killed Natasha
  4359 | D:4      | Reached XP level 6. HP: 13/38 MP: 7/9
  4629 | D:4      | Noticed Natasha
  4659 | D:4      | Reached skill level 4 in Transmutations
  4680 | D:4      | Killed Natasha
  4680 | D:4      | Reached ** piety under Cheibriados
  4950 | D:4      | Noticed Natasha
  4993 | D:4      | Reached skill level 5 in Unarmed Combat
  5129 | D:4      | Reached XP level 7. HP: 8/43 MP: 8/11
  5134 | D:4      | Reached skill level 5 in Transmutations
  5844 | D:4      | Killed Natasha
  5973 | D:4      | Noticed Blork the orc
  5974 | D:4      | Found Asoeclek's Weapon Emporium.
  5983 | D:4      | Killed Blork the orc
  6249 | D:4      | Found a shattered altar of Ashenzari.
  6306 | D:5      | Entered Level 5 of the Dungeon
  6360 | D:5      | Reached skill level 6 in Transmutations
  6394 | D:5      | Learned a level 4 spell: Ice Form
  6475 | D:5      | Found a blossoming altar of Fedhas.
  6482 | D:5      | Reached XP level 8. HP: 48/48 MP: 10/12
  6486 | D:5      | Reached *** piety under Cheibriados
  6721 | D:5      | Found an iron altar of Okawaru.
  6800 | D:5      | Found a sacrificial altar of Ru.
  6810 | D:5      | Reached skill level 1 in Ice Magic
  7396 | D:5      | Reached skill level 7 in Transmutations
  7929 | D:6      | Noticed Maggie
  8022 | D:6      | Found a glowing drain.
  8031 | Sewer    | Entered a sewer
  8091 | Sewer    | Reached **** piety under Cheibriados
  8174 | Sewer    | Reached skill level 8 in Transmutations
  8450 | Sewer    | Reached XP level 9. HP: 40/53 MP: 8/13
  8892 | D:6      | Noticed Dowan
  8893 | D:6      | Noticed Duvessa
  8980 | D:6      | Killed Dowan
  8982 | D:6      | Killed Duvessa
  9185 | D:6      | Killed Maggie
  9185 | D:6      | Reached skill level 9 in Transmutations
  9452 | D:6      | Found a hazy altar of Hepliaklqana.
  9678 | D:6      | Found a staircase to the Ecumenical Temple.
  9858 | D:6      | Noticed Prince Ribbit
  9862 | D:6      | Demolished by Prince Ribbit

Illustrated notes

Levels and vault maps discovered:
D:1:      minmay_arrival_pointy, layout_basic, amethyst_killhole,
          skrybe_limestone_x
D:2:      layout_loops_ring, kennysheep_slug_shrine, overflow_temple_1_default,
          uniq_terence
D:3:      layout_basic, zin_statuary, eat_drink_and_be_merry_uskayaw,
          roderic_serpentine_path, uniq_crazy_yiuf_cottage
D:4:      layout_rooms, kennysheep_mini, first_ration, serial_shops,
          shop_statue, chequers_serial_rivers_marsh, minmay_joined_circles,
          uniq_natasha, uniq_blork_the_orc
D:5:      layout_loops_cross, nicolae_overflow_crystal_walls,
          nicolae_ru_sacrificial_ziggurat, fedhas_altar_1
D:6:      layout_loops_ring, marbit_many_paths,
          minmay_temple_entry_statues_fountains, cheibrodos_sewer_entry_drain,
          uniq_duvessa, uniq_prince_ribbit1, uniq_maggie, uniq_menkaure

Skill      XL: |  1  2  3  4  5  6  7  8  9 |
---------------+----------------------------+-----
Stealth        | 1 2 |  2.0
Transmutations | 3 4 6 8 9 |  9.6
Poison Magic   | 1 2 3 |  3.0
Unarmed Combat | 4 5 6 7 |  7.9
Ice Magic      | 2 |  2.0
Fighting       | |  1.0
Dodging        | |  2.0
Spellcasting   | |  2.0

Action                   |  1- 3 |  4- 6 |  7- 9 || total
-------------------------+-------+-------+-------++-------
Melee: Unarmed           |    69 |   116 |   210 ||   395
       Constrict         |    16 |    37 |    34 ||    87
       Kick              |    14 |    31 |    48 ||    93
       Tentacles         |     7 |    21 |    28 ||    56
       Punch             |     2 |     4 |    12 ||    18
 Cast: Beastly Appendage |    12 |    23 |    24 ||    59
       Sticks to Snakes  |     1 |     1 |     2 ||     4
       Spider Form       |       |       |    11 ||    11
  Use: Scroll            |     2 |     5 |     4 ||    11
       Potion            |     1 |     7 |       ||     8
 Stab: Sleeping          |     4 |     6 |     5 ||    15
  Eat: Chunk             |     3 |     8 |     5 ||    16
       Ration            |       |       |     1 ||     1
Armor: Skin              |     2 |     6 |    13 ||    21
Dodge: Dodged            |    33 |    79 |   147 ||   259
Block: Other             |       |     7 |    47 ||    54
       Reflection        |       |     3 |     6 ||     9
